 Dungeon Crawl Stone Soup version 0.28.0-53-g5a82cb258f (webtiles) character file.

Game seed: 1393091423394958223

3579 mortz the Covert (level 9, 0/42 HPs)
             Began as a Deep Elf Conjurer on Aug 20, 2022.
             Was a Believer of Hepliaklqana.
             Shot with an arrow by a centaur warrior (1 damage)
             ... on level 8 of the Dungeon on Aug 21, 2022.
             The game lasted 00:54:19 (10396 turns).

mortz the Covert (Deep Elf Conjurer)               Turns: 10396, Time: 00:54:19

Health: 0/42       AC:  7    Str:  6    XL:     9   Next: 84%
Magic:  23/23      EV: 13    Int: 26    God:    Hepliaklqana [**....]
Gold:   1258       SH:  0    Dex: 16    Spells: 17/24 levels left

rFire   + . .      SeeInvis +   a - +2 short sword {short}
rCold   . . .      Faith    .   (no shield)
rNeg    . . .      Spirit   .   D - +0 leather armour
rPois   +          Reflect  .   H - +1 helmet of Lifelessness {rElec rF+ Regen+ Dex+3}
rElec   +          Harm     .   (no cloak)
rCorr   .          Rampage  .   i - +1 pair of gloves
Will    .....                   (no boots)
Stlth   ++++......              (no amulet)
HPRegen 0.94/turn               f - ring of see invisible
MPRegen 0.18/turn               k - ring of poison resistance

@: no status effects
A: reduced essence
a: Renounce Religion, Recall Ancestor, Ancestor Identity


You were on level 8 of the Dungeon.
You worshipped Hepliaklqana.
Hepliaklqana was pleased with you.
You visited 2 branches of the dungeon, and saw 9 of its levels.
You also visited: Sewer and Ossuary.

You collected 1379 gold pieces.
You spent 121 gold pieces at shops.


   Skills:
 + Level 1.1 Fighting
 + Level 3.0 Short Blades
 + Level 2.5 Armour
 + Level 4.8 Dodging
 * Level 10.0 Stealth
 + Level 8.1 Spellcasting
 + Level 8.2 Conjurations
 * Level 6.2 Translocations


You had 17 spell levels left.
You knew the following spells:

 Your Spells              Type           Power      Damage    Failure   Level
a - Magic Dart            Conj           100%       1d8       1%          1
b - Searing Ray           Conj           100%       2d8       1%          2
c - Iskenderun's Mystic   Conj/Tloc      48%        2d11      4%          4

Your spell library contained the following spells:

 Spells                   Type           Power      Damage    Failure   Level
 Dazzling Flash           Conj/Hex       62%        N/A       4%          3
 Ensorcelled Hibernation  Hex/Ice        20%        N/A       13%         2
 Flame Wave               Conj/Fire      31%        2d8       16%         4
 Fulminant Prism          Conj/Hex       15%        3d11      16%         4
 Inner Flame              Hex/Fire       10%        N/A       26%         3
 Spider Form              Tmut/Pois      10%        N/A       26%         3
 Anguish                  Hex/Necr       5%         N/A       63%         4
 Necromutation            Tmut/Necr      5%         N/A       100%        8

Inventory:

Hand Weapons
 a - a +2 short sword (weapon) {short}
   (You took it off a kobold on level 2 of the Dungeon)
 e - a +0 dagger of protection {short}
   (You took it off an orc on level 6 of the Dungeon)
 G - a +4 spear {polearm}
   (You took it off a gnoll on level 7 of the Dungeon)
Armour
 i - a +1 pair of gloves (worn)
   (You found it on level 1 of the Dungeon)
 D - a +0 leather armour (worn)
   (You took it off Eustachio on level 5 of the Dungeon)
 H - the +1 helmet of Lifelessness (worn) {rElec rF+ Regen+ Dex+3}
   (You acquired it on level 6 of the Dungeon)

   Dex:       It affects your dexterity (+3).
   rF:        It protects you from fire.
   rElec:     It insulates you from electricity.
   Regen:     It increases your rate of health regeneration.
Jewellery
 f - a ring of see invisible (left hand)
   (You found it on level 1 of the Dungeon)
 k - a ring of poison resistance (right hand)
   (You found it on level 1 of the Dungeon)
 y - a ring of protection from fire
   (You took it off a kobold on level 4 of the Dungeon)
 F - a ring of willpower
   (You found it on level 5 of the Dungeon)
Wands
 h - a wand of polymorph (11)
   (You found it on level 5 of the Dungeon)
 t - a wand of acid (9)
   (You found it on level 7 of the Dungeon)
 K - a wand of flame (41)
   (You found it on level 8 of the Dungeon)
 L - a wand of mindburst (4)
   (You found it on level 8 of the Dungeon)
Scrolls
 l - a scroll of enchant weapon
 m - 3 scrolls of teleportation {@r4}
 r - 2 scrolls of fear
 A - 3 scrolls of immolation {unknown}
 C - 2 scrolls of enchant armour
 E - 2 scrolls of magic mapping {!r}
 I - a scroll of blinking {!r}
 J - a scroll of summoning
Potions
 b - 8 potions of curing {@q1}
 c - 4 potions of cancellation
 d - a potion of heal wounds {@q2}
 g - 3 potions of resistance
 j - 2 potions of haste {@q3}
 n - 3 potions of ambrosia
 o - a potion of berserk rage {unknown}
 p - a potion of attraction {unknown}
 q - 3 potions of brilliance
 s - 2 potions of invisibility {unknown}
 u - a potion of magic {unknown}
 v - a potion of might {unknown}
 w - 3 potions of mutation {!q}
 x - 3 potions of flight
 z - 2 potions of degeneration {unknown}
 B - 2 potions of lignification {unknown}

Dungeon Overview and Level Annotations

Branches:
Dungeon (8/15)             Temple (1/1) D:4           Sewer (visited)
Ossuary (visited)
   Lair: D:8-11

Altars:
Ashenzari
Cheibriados
Dithmenos
Elyvilon
Fedhas
Gozag
Hepliaklqana
Kikubaaqudgha
Makhleb
Nemelex Xobeh
Okawaru
Qazlal
Ru
Sif Muna
Trog
Uskayaw
Vehumet
Wu Jian
Xom
Yredelemnul
Zin
The Shining One

Shops:
D:4 [(!

Annotations:
D:8 3 runed translucent doors, turdburglar's ghost, novice OgFi

###################
#.............#....
#.....#######...###
#.....##...####.#
#.....#.....# #.#
+..8..'..)..# #.#
#.....#....(# #.###
#.@.R.##...## #....
###'######## #..##
#..(# #..## #.....#
#.... #..c..# ##.##
#.....# #...
##...## #..# #####
#..#


You could see the friendly glurtz the knight and a centaur warrior.


Message History

Glurtz is burned by acid! 😎 MP[-2]
You lost 2 mp, and now have 15/22 mp.
Glurtz avoids your attack.
The searing ray hits the jelly!
You kill the jelly! 😎 MP[-1]
You lost 1 mp, and now have 14/22 mp.
You swap places.
Items here: ( ) [ †. 😎 MP[+8]
Your mp is fully restored (22).
You swap places.
Things that are here:
a +0 short sword {short}; a +0 leather armour; an orc corpse
Things that are here:
a +0 hand axe {axe}; a boomerang {throwing}; a +0 leather armour
K - a wand of flame (27)
L - a wand of mindburst (4)
Found a stone staircase leading up.
There is a stone staircase leading up here.
You swap places.
Found a granite statue.
You open the door.
A centaur warrior comes into view.
There is an open door here.
The centaur warrior shouts!
The centaur warrior hits you but does no damage.
The centaur warrior kicks you but does no damage.
You swap places.
The centaur warrior hits glurtz but does no damage.
The centaur warrior completely misses glurtz.
Glurtz hits the centaur warrior with a +0 flail!
The centaur warrior wields a +0 shortbow.
The centaur warrior shoots an arrow.
Glurtz blocks the arrow.
Casting: Searing Ray (safe; 1% risk of failure)
Confirm with . or Enter, or press ? or * to list all spells.
Aiming: Searing Ray (safe; 1% risk of failure)
Press: ? - help, Shift-Dir - straight line, f - centaur warrior
Aim: a centaur warrior, wielding a +0 shortbow and quivering arrows (lightly wounded, ally target, 87% to hit)
Glurtz avoids your attack.
The searing ray hits the centaur warrior! (Press . to maintain the ray.)
The centaur warrior shoots an arrow.
Glurtz blocks the arrow.
Glurtz hits the centaur warrior with a +0 flail! 😎 MP[-2]
You lost 2 mp, and now have 20/22 mp.
Glurtz avoids your attack.
The searing ray hits the centaur warrior.
The centaur warrior shoots an arrow.
The arrow hits glurtz but does no damage.
Glurtz hits the centaur warrior with a +0 flail. 😎 MP[-1]
You lost 1 mp, and now have 19/22 mp.
Glurtz avoids your attack.
The searing ray hits the centaur warrior!
The centaur warrior shoots an arrow.
The arrow hits glurtz!
The centaur warrior shoots an arrow.
The arrow hits glurtz!
Glurtz hits the centaur warrior with a +0 flail! 😎 MP[-1]
You lost 1 mp, and now have 18/22 mp.
Glurtz avoids your attack.
The searing ray hits the centaur warrior!
You kill the centaur warrior!
You finish channelling your searing ray.
Your Fighting skill increases to level 1!
Your Short Blades skill increases to level 3!
Your Armour skill increases to level 2!
Your Stealth skill increases to level 10!
Your Spellcasting skill increases to level 8!
Your Translocations skill increases to level 6! 😎 HP[+1] MP[-1]
You now have 42 max hp (+1).
Your hp is fully restored (42).
You swap places.
Things that are here:
a +0 shortbow {bow}; 13 arrows; 😎 MP[+6]
Your mp is fully restored (23).
You now have 1258 gold pieces (gained 28).
K - a wand of flame (41) (gained 14 charges)
You swap places.
Things that are here:
a +0 shortbow {bow}; 13 arrows
There is an open door here.
You open the door.
A centaur warrior comes into view.
The centaur warrior shouts!
The centaur warrior wields a +2 shortbow of freezing.
It is covered in frost.
The centaur warrior shoots an arrow.
The arrow hits you!!
Ouch! That really hurt!
* * * LOW HITPOINT WARNING * * *
The arrow freezes you.
* * * LOW HITPOINT WARNING * * *
There is an open door, spattered with blood here. 😨 HP[-27]
You take 27 damage, and now have 15/42 hp.
MASSIVE DAMAGE!! (PAUSE)
The centaur warrior shoots an arrow.
The arrow hits you!
* * * LOW HITPOINT WARNING * * *
The arrow freezes you.
You die...

Skill      XL: |  1  2  3  4  5  6  7  8  9 |
---------------+----------------------------+-----
Conjurations   | 5 6 7 8 |  8.2
Dodging        | 3 4 |  4.8
Stealth        | 3 4 5 8 10 | 10.0
Spellcasting   | 4 5 6 7 8 |  8.1
Translocations | 1 2 3 5 6 |  6.2
Short Blades   | 1 2 3 |  3.0
Armour         | 2 |  2.5
Fighting       | 1 |  1.1

Action                   |  1- 3 |  4- 6 |  7- 9 || total
-------------------------+-------+-------+-------++-------
Melee: Dagger            |     6 |       |       ||     6
       Short sword       |     3 |     4 |    26 ||    33
 Cast: Magic Dart        |    62 |    18 |    52 ||   132
       Searing Ray       |     7 |    26 |    81 ||   114
       Iskenderun's Myst |       |       |     3 ||     3
       Dazzling Flash    |       |       |     1 ||     1
Invok: Ancestor Life: Kn |       |       |     1 ||     1
       Ancestor Identity |       |       |     1 ||     1
  Use: Scroll            |     2 |     5 |    16 ||    23
       Potion            |       |       |     2 ||     2
 Stab: Sleeping          |     6 |     4 |    23 ||    33
Armor: Robe              |     2 |    10 |    25 ||    37
       Leather armour    |       |       |     5 ||     5
Dodge: Dodged            |    22 |    25 |    80 ||   127

Levels and vault maps discovered:
D:1:      kilobyte_arrival_exit_the_forest, layout_basic
D:2:      layout_loops_ring, hellmonk_ecumenical_altar_crossroads
D:3:      layout_basic, gup_sewer_entry_bowl
D:4:      layout_rooms, minmay_temple_entry_fiery, serial_shops, shop, shop,
          shop_statue
D:5:      minmay_skewed_foursquare, layout_basic, enter_ossuary_2,
          uniq_eustachio
D:6:      layout_basic, lemuel_doored_altar
D:7:      layout_loops_ring
D:8:      layout_loops_ring, erik_lair_dragon, gammafunk_ghost_icy,
          minmay_three_doors
Temple:   mainiacjoe_temple_archimedes_tessellation

Notes
Turn   | Place    | Note
-------+----------+-------------------------------------------
     0 | D:1      | mortz the Deep Elf Conjurer began the quest for the Orb.
     0 | D:1      | Reached XP level 1. HP: 10/10 MP: 6/6
     0 | D:1      | magus.rc [v1.9.6]
   274 | D:1      | Reached XP level 2. HP: 15/15 MP: 8/8
   395 | D:1      | You fall into a shaft and drop 1 floor!
   495 | D:1      | Reached skill level 5 in Conjurations
  1202 | D:1      | Reached XP level 3. HP: 19/19 MP: 6/9
  1397 | D:2      | Found a faded altar of an unknown god.
  1415 | D:1      | Learned a level 3 spell: Dazzling Flash
  1454 | D:2      | Learned a level 2 spell: Searing Ray
  2343 | D:3      | Reached XP level 4. HP: 22/24 MP: 1/11
  2437 | D:3      | Found a glowing drain.
  2441 | Sewer    | Entered a sewer
  2551 | Sewer    | Noticed a kobold brigand
  2556 | Sewer    | Reached skill level 3 in Dodging
  2558 | Sewer    | Killed a kobold brigand
  2559 | Sewer    | Reached skill level 3 in Stealth
  2559 | Sewer    | Reached skill level 4 in Spellcasting
  2559 | Sewer    | Reached skill level 1 in Translocations
  2559 | Sewer    | Reached XP level 5. HP: 22/28 MP: 3/13
  3101 | Sewer    | Reached skill level 2 in Translocations
  3131 | Sewer    | Reached skill level 1 in Short Blades
  3131 | Sewer    | Reached skill level 6 in Conjurations
  3131 | Sewer    | Reached XP level 6. HP: 24/32 MP: 2/15
  3288 | D:3      | Learned a level 4 spell: Iskenderun's Mystic Blast
  3817 | D:3      | Reached skill level 4 in Stealth
  3817 | D:3      | Reached skill level 5 in Spellcasting
  3871 | D:4      | Found Hong's Distillery.
  3984 | D:4      | Found Jucuen's Armour Shop.
  4096 | D:4      | Reached XP level 7. HP: 36/36 MP: 8/16
  4296 | D:4      | Bought 2 potions of curing for 66 gold pieces
  4296 | D:4      | Bought a potion of heal wounds for 55 gold pieces
  4301 | D:4      | Reached skill level 5 in Stealth
  4301 | D:4      | Reached skill level 3 in Translocations
  4347 | D:4      | Found Ristir's Weapon Shoppe.
  4596 | D:4      | Found a staircase to the Ecumenical Temple.
  4602 | Temple   | Entered the Ecumenical Temple
  4688 | Temple   | Became a worshipper of Hepliaklqana the Forgotten
  5142 | D:5      | Entered Level 5 of the Dungeon
  5148 | D:5      | Reached skill level 7 in Conjurations
  5388 | D:5      | Reached skill level 2 in Short Blades
  5388 | D:5      | Reached skill level 6 in Spellcasting
  5396 | D:5      | Reached XP level 8. HP: 20/41 MP: 9/19
  5521 | D:5      | Found a sand-covered staircase.
  5526 | Ossuary  | Entered an ossuary
  5793 | Ossuary  | Reached skill level 4 in Translocations
  6102 | Ossuary  | Reached skill level 6 in Stealth
  6388 | D:5      | Noticed Eustachio
  6419 | D:6      | Noticed an unseen horror
  6423 | D:5      | HP: 4/41 [ice beast (8)]
  6826 | D:5      | Killed Eustachio
  6997 | D:5      | Reached skill level 7 in Stealth
  7535 | D:5      | magus.rc [v1.9.6]
  7990 | D:5      | Killed an unseen horror
  7991 | D:5      | Reached skill level 4 in Dodging
  7991 | D:5      | Reached skill level 8 in Stealth
  7991 | D:5      | Reached skill level 7 in Spellcasting
  7991 | D:5      | Reached skill level 5 in Translocations
  8134 | D:6      | Reached XP level 9. HP: 46/46 MP: 14/21
  8334 | D:6      | Reached skill level 1 in Armour
  8550 | D:6      | Reached * piety under Hepliaklqana
  8822 | D:6      | Reached skill level 9 in Stealth
  8966 | D:6      | Found a broken altar of Ashenzari.
  9101 | D:6      | Reached skill level 8 in Conjurations
  9157 | D:6      | magus.rc [v1.9.6]
  9157 | D:6      | Identified 2 scrolls of acquirement
  9157 | D:6      | Acquired the +1 helmet of Lifelessness {rElec rF+ Regen+
                  | Dex+3}
  9163 | D:6      | Acquired 877 gold pieces
  9321 | D:7      | You add the spells Inner Flame, Flame Wave and
                  | Necromutation to your library.
  9321 | D:7      | Got the Grimoire of Ignition and Transmutation
 10016 | D:8      | Found a runed translucent gate.
 10017 | D:8      | Found a runed translucent gate.
 10018 | D:8      | Found a runed translucent gate.
 10186 | D:8      | You pick up a book of Dreams and begin reading...
 10186 | D:8      | You add the spells Ensorcelled Hibernation, Spider Form and
                  | Anguish to your library.
 10197 | D:8      | Reached ** piety under Hepliaklqana
 10198 | D:8      | Remembered your ancestor glurtz as a knight
 10199 | D:8      | Noticed turdburglar's ghost (novice OgFi)
 10342 | D:8      | Noticed a centaur warrior
 10350 | D:8      | Killed a centaur warrior
 10351 | D:8      | Reached skill level 1 in Fighting
 10351 | D:8      | Reached skill level 3 in Short Blades
 10351 | D:8      | Reached skill level 2 in Armour
 10351 | D:8      | Reached skill level 10 in Stealth
 10351 | D:8      | Reached skill level 8 in Spellcasting
 10351 | D:8      | Reached skill level 6 in Translocations
 10394 | D:8      | Noticed a centaur warrior
 10396 | D:8      | HP: 1/42 [centaur warrior/arrow (15)]
 10396 | D:8      | Shot with an arrow by a centaur warrior

Vanquished Creatures
  A centaur warrior (D:8)
  An unseen horror (D:5)
  Eustachio (D:5)
  An acid dragon (D:5)
  An orc warrior (D:6)
  A black bear (D:6)
  An ice beast (D:4)
  2 sky beasts (D:6)
  6 ogres
  A centaur (D:5)
  3 kobold brigands (Sewer)
  2 bullfrogs
  2 scorpions
  A wyvern skeleton (D:7)
  A water moccasin skeleton (D:4)
  3 hounds
  2 jellies
  2 centaur skeletons
  A gnoll shaman (D:7)
  5 iguanas
  3 orc wizards
  A killer bee zombie (D:6)
  A mummy (Ossuary)
  A howler monkey zombie (D:6)
  7 gnolls
  9 adders
  2 shadow imps
  An adder skeleton (D:4)
  2 worms
  3 dart slugs
  9 orcs
  5 spectral bats (Ossuary)
  10 ball pythons
  9 bats
  8 endoplasms
  6 giant cockroaches
  12 gnoll zombies (Ossuary)
  6 goblins
  4 hobgoblins
  4 jackals
  16 kobolds
  8 quokkas
  A bat simulacrum (Ossuary)
  4 frilled lizards
  3 goblin simulacra (Ossuary)
  4 goblin zombies (Ossuary)
  7 hobgoblin zombies (Ossuary)
  3 kobold simulacra (Ossuary)
  4 kobold zombies (Ossuary)
  3 orc zombies (Ossuary)
  9 rats
  4 rat simulacra (Ossuary)
  2 spectral goblins (Ossuary)
  3 spectral kobolds (Ossuary)
  3 spectral rats (Ossuary)
215 creatures vanquished.

Vanquished Creatures (collateral kills)
  A hound (D:6)
  2 orcs
3 creatures vanquished.

Vanquished Creatures (others)
  A plant (Sewer)
1 creature vanquished.

Grand Total: 219 creatures vanquished

Table legend:
 A = Non-vault XP
 B = Vault XP
 C = Vault XP percentage of total XP
 D = Non-vault monster count
 E = Vault monster count
 F = Vault count percentage of total count
                 A         B        C        D         E       F
            +---------+---------+-------+---------+---------+-------
      Total |    3231 |    1882 |  36.8 |     128 |      90 |  41.3
            +---------+---------+-------+---------+---------+-------
        D:1 |      40 |       0 |   0.0 |      23 |       0 |   0.0
        D:2 |      34 |       0 |   0.0 |      18 |       0 |   0.0
        D:3 |     186 |       6 |   3.1 |      21 |       3 |  12.5
        D:4 |     499 |     127 |  20.3 |      16 |       1 |   5.9
        D:5 |     940 |     479 |  33.8 |      15 |       7 |  31.8
        D:6 |    1099 |       0 |   0.0 |      22 |       0 |   0.0
        D:7 |     381 |       0 |   0.0 |       9 |       0 |   0.0
        D:8 |      52 |     845 |  94.2 |       4 |       1 |  20.0
      Sewer |       0 |     338 | 100.0 |       0 |      23 | 100.0
    Ossuary |       0 |      87 | 100.0 |       0 |      55 | 100.0
            +---------+---------+-------+---------+---------+-------

Illustrated notes

Table legend:
 A = Kills in this place as a percentage of kills in entire the game.
 B = Kills by you in this place as a percentage of kills by you in the entire game.
 C = Kills by friends in this place as a percentage of kills by friends in the entire game.
 D = Other kills in this place as a percentage of other kills in the entire game.
 E = Experience gained in this place as a percentage of experience gained in the entire game.
 F = Experience gained in this place divided by the number of levels of this place that you have seen.
                   A       B       C       D       E      F
               +-------+-------+-------+-------+-------+----------------------
         Total | 100.0 | 100.0 | 100.0 |   N/A | 100.0 | 464.8
       Dungeon |  64.2 |  63.7 | 100.0 |   N/A |  91.7 | 586.0
         Sewer |  10.6 |  10.7 |   0.0 |   N/A |   6.6 | 338.0
       Ossuary |  25.2 |  25.6 |   0.0 |   N/A |   1.7 |  87.0
               +-------+-------+-------+-------+-------+----------------------

Table legend: (Time is in decaauts)
 A = Elapsed time spent in this place.
 B = Non-inter-level travel time spent in this place.
 C = Inter-level travel time spent in this place.
 D = Time resting spent in this place.
 E = Time spent auto-exploring this place.
 F = Levels seen in this place.
 G = Mean time per level.
                   A        B        C        D        E       F      G
               +--------+--------+--------+--------+--------+-----+--------+
         Total |  10452 |   9994 |    458 |    950 |   7028 |  11 |  950.2 |
       Dungeon |   8558 |   8120 |    438 |    563 |   6113 |   8 | 1069.8 |
        Temple |    232 |    212 |     20 |      0 |    183 |   1 |  232.0 |
         Sewer |    828 |    828 |      0 |      0 |    666 |   1 |  828.0 |
       Ossuary |    833 |    833 |      0 |    387 |     66 |   1 |  833.0 |
               +--------+--------+--------+--------+--------+-----+--------+

Top non-repeatable levels by time:
     D:5: 1774 daAuts
     D:1: 1409 daAuts
     D:4: 1381 daAuts
     D:6: 1049 daAuts
     D:3: 995 daAuts
 Ossuary: 833 daAuts
   Sewer: 828 daAuts
     D:2: 783 daAuts
     D:7: 768 daAuts
     D:8: 395 daAuts
  Temple: 232 daAuts
